 Dungeon Crawl Stone Soup version 0.18-a0-1312-gf98331d (webtiles) character file.

67 Reinor the Ducker (level 3, -1/19 HPs)
             Began as a Spriggan Abyssal Knight on Feb 14, 2016.
             Was a Follower of Lugonu.
             Slain by a worm (12 damage)
             ... on level 2 of the Dungeon.
             The game lasted 00:04:38 (1890 turns).

Reinor the Ducker (Spriggan Abyssal Knight)         Turns: 1890, Time: 00:04:38

Health: -1/19      AC:  2    Str:  8    XL:     3   Next: 98%
Magic:  5/5        EV: 18    Int: 14    God:    Lugonu [*.....]
Gold:   52         SH:  0    Dex: 15    Spells: 0 memorised, 2 levels left

rFire  . . .     SeeInvis +     a - +1 short sword
rCold  . . .     Gourm    .     b - +0 robe
rNeg   . . .     Faith    .     (shield restricted)
rPois  .         Spirit   .     (helmet restricted)
rElec  .         Dismiss  .     (no cloak)
rCorr  .         Reflect  .     (gloves unavailable)
SustAt .         Harm     .     (boots unavailable)
MR     .....                    (no amulet)
Stlth  ++........               (no ring)
                                (no ring)

@: very quick, not resistant to hostile enchantments, unstealthy
A: unfitting armour, see invisible, herbivore 3, speed 3, slow metabolism 2
a: Depart the Abyss, Renounce Religion


You were on level 2 of the Dungeon.
You worshipped Lugonu.
Lugonu was aware of your devotion.
You were not hungry.

You visited 1 branch of the dungeon, and saw 2 of its levels.
You visited the Abyss 1 time.

You collected 52 gold pieces.

Inventory:

Hand Weapons
 a - a +1 short sword (weapon)
Armour
 b - a +0 robe (worn)
Scrolls
 d - a scroll of recharging {unknown}
 e - a scroll of blinking {unknown}
 g - 2 scrolls of identify {unknown}
 h - a scroll of remove curse {unknown}
 j - a scroll of amnesia {unknown}
 l - 2 scrolls of magic mapping {unknown}
Potions
 f - a potion of agility {unknown}
 i - a potion of curing {unknown}
 k - a potion of lignification {unknown}
Comestibles
 c - 3 bread rations


   Skills:
 - Level 2.9 Fighting
 + Level 3.2 Short Blades
 - Level 3.7 Dodging
 + Level 2.2 Stealth
 - Level 2.2 Invocations


You had 2 spell levels left.
You didn't know any spells.

Dungeon Overview and Level Annotations

Branches:
Dungeon (2/15)

Altars:
Ashenzari


Innate Abilities, Weirdness & Mutations

You are tiny and cannot use many weapons and most armour.
You have supernaturally acute eyesight.
You are an herbivore.
You cover ground extremely quickly.
You need consume almost no food.


Message History

The worm closely misses you.
You hit the worm.
The worm is almost dead.
The worm closely misses you.
You hit the worm.
The worm is almost dead.
You hit the worm.
You kill the worm!
Lugonu accepts your kill.
Found a leather armour.
l - 2 scrolls labeled FESCHA HAAM (gained 1)
Found 23 stones.
A worm comes into view.
A worm is nearby!
You hit the worm but do no damage. The worm barely misses you.
You hit the worm.
The worm is lightly wounded.
The worm bites you!
Ouch! That really hurt!
You die...

#.####.#.#.......#######
#......#.#.......#
########.#.......########
######....#......†........
#.......###........######.
#...(...#.########........
#.......#.###############.
#.......#w................
+.......#@# ############..
#.......#.#...............
###.......#.#.#######.#.....
........###.#.#....##.####..
#######.###.#.#..#.#........
#.........#.#..(........#.
#.###.#####.#.......#####.
.........#.#........)....
##...##..#........#.####.


You could see a worm.

Vanquished Creatures
  2 adders (D:2)
  2 oozes
  A worm (D:2)
  2 giant geckos
  4 bats
  7 hobgoblins
  7 goblins
  3 kobolds (D:1)
  5 rats (D:1)
33 creatures vanquished.

Notes
Turn   | Place    | Note
--------------------------------------------------------------
     0 | Abyss:1  | Reinor the Spriggan Abyssal Knight began the quest for the Orb.
     0 | Abyss:1  | Reached XP level 1. HP: 11/11 MP: 3/3
    96 | Abyss:2  | Noticed a smoke demon
   104 | Abyss:2  | Noticed a smoke demon
   119 | Abyss:2  | Noticed an ancient zyme
   121 | Abyss:2  | Noticed a thrashing horror
   124 | Abyss:2  | Noticed a large abomination
   126 | D:1      | Escaped the Abyss
   474 | D:1      | Found a shattered altar of Ashenzari.
   799 | D:1      | Reached XP level 2. HP: 16/16 MP: 4/4
   883 | D:1      | Reached * piety under Lugonu
  1486 | D:1      | Reached XP level 3. HP: 10/19 MP: 5/5
  1744 | D:2      | Reached skill level 1 in Stealth
  1890 | D:2      | Slain by a worm

Vault maps used:
D:1:      lemuel_arrival_broad_hall, evilmike_ruin_ashenzari
D:2:      first_bread, grunt_ministairs_10, uniq_robin
Abyss:2:  hangedman_cross_veins

Action                   || total
-------------------------++-------
Melee: Short sword       ||   114
Invok: Depart the Abyss  ||     1
